 Dungeon Crawl Stone Soup version 0.27.1-4-g1640c2035a (webtiles) character file.

Game seed: 9478832206806030378

74 zeram the Sneak (level 4, -2/29 HPs)
             Began as an Octopode Brigand on Nov 13, 2021.
             Slain by Dowan (7 damage)
             ... on level 4 of the Dungeon.
             The game lasted 00:05:23 (2725 turns).

zeram the Sneak (Octopode Brigand)                  Turns: 2725, Time: 00:05:23

Health: -2/29      AC:  1    Str: 10    XL:     4   Next: 30%
Magic:  4/4        EV: 13    Int: 12    God:
Gold:   106        SH:  5    Dex: 19    Spells: 3/3 levels left

rFire    . . .     SeeInvis .   a - +2 dagger
rCold    . . .     Faith    .   (no shield)
rNeg     . . .     Spirit   .   (helmet restricted)
rPois    +         Reflect  +   i - amulet of reflection
rElec    +         Harm     .   d - ring "Cilo" {Fly rElec rPois Int-2 Dex+6}
rCorr    .         Rampage  .   (no ring)
Will     .....                  (no ring)
Stlth    +++++.....             (no ring)
HPRegen  0.09/turn              (no ring)
MPRegen  0.09/turn              (no ring)
                                (no ring)
                                (no ring)

@: lethally poisoned (-2 -> -13), flying
A: almost no armour, amphibious, 8 rings, camouflage 1, gelatinous body 1,
(nimble swimmer 1), tentacles
a: no special abilities


You were on level 4 of the Dungeon.
You visited 1 branch of the dungeon, and saw 4 of its levels.

You collected 106 gold pieces.

Inventory:

Hand Weapons
 a - a +2 dagger (weapon)
Missiles
 b - 31 poisoned darts (quivered)
 c - 2 curare-tipped darts
Jewellery
 d - the ring "Cilo" (left tentacle) {Fly rElec rPois Int-2 Dex+6}
   (You acquired it on level 2 of the Dungeon)

   [ring of dexterity]

   Int:       It affects your intelligence (-2).
   Dex:       It affects your dexterity (+6).
   rElec:     It insulates you from electricity.
   rPois:     It protects you from poison.
   Fly:       It grants you flight.
 i - an amulet of reflection (around mantle)
Scrolls
 j - 2 scrolls of teleportation
Potions
 e - 2 potions of brilliance
 f - a potion of flight


   Skills:
 - Level 2.0 Fighting
 - Level 2.0 Short Blades
 - Level 2.0 Throwing
 - Level 1.0 Dodging
 + Level 7.8 Stealth
 + Level 0.2 Shields


You had 3 spell levels left.
You didn't know any spells.
Your spell library contained the following spells:

 Spells                   Type           Power      Damage    Failure   Level
 Animate Skeleton         Necr           0%         N/A       32%         1
 Apportation              Tloc           0%         N/A       32%         1
 Corona                   Hex            0%         N/A       32%         1
 Summon Small Mammal      Summ           0%         N/A       32%         1


Dungeon Overview and Level Annotations

Branches:
Dungeon (4/15)
 Temple: D:4-7

Altars:
Vehumet
Yredelemnul
Zin

Annotations:
D:4 Dowan, Duvessa


Innate Abilities, Weirdness & Mutations

You cannot wear most types of armour.
You are amphibious.
You can wear up to eight rings at the same time.
Your skin changes colour to match your surroundings (Stealth+).
Your rubbery body absorbs attacks. (AC +1, EV +1)
((You are camouflaged near water. (Stealth+)))
You have tentacles for arms and can constrict up to eight enemies at once.


Message History

You hit the kobold. You grab the kobold.
The kobold is heavily wounded.
You constrict the kobold, but do no damage.
You hit the kobold but do no damage.
The kobold is heavily wounded.
You constrict the kobold.
A scorpion comes into view.
The kobold completely misses you.
You barely miss the kobold.
The kobold is severely wounded.
You constrict the kobold.
You kill the kobold!
Dowan drinks a potion.
Dowan suddenly seems more resistant.
You closely miss Dowan. You grab Dowan. You constrict Dowan.
Dowan hits you with a +2 dagger of electrocution!
You release your grip on Dowan.
Dowan casts a spell at Duvessa.
Duvessa seems to speed up.
There is a stone staircase leading up here.
Duvessa hits you with a +0 short sword.
You fly upwards.
There is a stone staircase leading down here.
You start resting.
HP restored.
Done exploring.
(D) Dungeon
Where to? (Enter - D:4, ? - help)
You fly downwards.
Level annotation: Dowan, Duvessa The scorpion stings you.
You are poisoned.
The scorpion poisons you! Duvessa hits you with a +0 short sword!
The scorpion stings you.
* * * LOW HITPOINT WARNING * * *
Duvessa closely misses you.
There is a stone staircase leading up, spattered with blood here.
* * * LOW HITPOINT WARNING * * *
You feel very sick.
Dowan hits you with a +2 dagger of electrocution!
You die...

#...........
#...........
..##...........
........#....
#..(.......
#....## +.....#
##.se..##
#..e@...#
+.......#
#.......#
#.......#
#.......+
#...#...# #...
...# #... ....


You could see Duvessa, Dowan and a scorpion.

Vanquished Creatures
  An adder (D:3)
  3 worms
  A dart slug (D:3)
  An orc (D:3)
  6 ball pythons
  3 endoplasms (D:2)
  A giant cockroach (D:3)
  8 goblins
  5 hobgoblins
  2 jackals (D:3)
  2 quokkas
  5 bats
  3 frilled lizards
  4 kobolds
  3 rats
48 creatures vanquished.

Vanquished Creatures (others)
  37 plants (D:3)
37 creatures vanquished.

Grand Total: 85 creatures vanquished

Notes
Turn   | Place    | Note
-------+----------+-------------------------------------------
     0 | D:1      | zeram the Octopode Brigand began the quest for the Orb.
     0 | D:1      | Reached XP level 1. HP: 14/14 MP: 1/1
   443 | D:1      | Reached skill level 6 in Stealth
   443 | D:1      | Reached XP level 2. HP: 13/19 MP: 2/2
  1051 | D:2      | Identified a scroll of acquirement
  1051 | D:2      | Acquired the ring "Cilo" {Fly rElec rPois Int-2 Dex+6}
  1079 | D:2      | Reached XP level 3. HP: 24/24 MP: 3/3
  1407 | D:2      | Found a basalt altar of Yredelemnul.
  1441 | D:2      | Reached skill level 7 in Stealth
  1717 | D:3      | Found a radiant altar of Vehumet.
  1777 | D:3      | Found a faded altar of an unknown god.
  2050 | D:3      | Reached XP level 4. HP: 23/29 MP: 4/4
  2114 | D:3      | Found a glowing silver altar of Zin.
  2573 | D:4      | Noticed Dowan
  2575 | D:4      | Noticed Duvessa
  2578 | D:4      | Noticed a scorpion
  2725 | D:4      | Slain by Dowan

Illustrated notes

Levels and vault maps discovered:
D:1:      grunt_arrival_lava_bath, layout_basic, minmay_octomino_e4
D:2:      layout_basic, basic_altar
D:3:      layout_basic, overflow_temple_1_default, marbit_many_paths,
          ebering_ecumenical_altar_sacrificial, grunt_decor_mini_mirrors,
          kennysheep_boxes
D:4:      layout_basic, serial_rivers, chequers_serial_rivers_small_3,
          chequers_serial_rivers_small_a, chequers_serial_rivers_room_a,
          chequers_serial_rivers_micro_c, chequers_serial_rivers_micro_d,
          serial_shops, shop_fountains, uniq_ijyb, uniq_duvessa

Skill      XL: |  1  2  3 |
---------------+----------+-----
Stealth        | 6 7 |  7.8
Fighting       | |  2.0
Short Blades   | |  2.0
Throwing       | |  2.0
Dodging        | |  1.0
Shields        | |  0.2

Action                   |  1- 3 |  4- 6 || total
-------------------------+-------+-------++-------
Melee: Dagger            |    62 |    23 ||    85
       Constrict         |    14 |     7 ||    21
       Tentacles         |    10 |     5 ||    15
  Use: Scroll            |     8 |     1 ||     9
 Stab: Sleeping          |    12 |     2 ||    14
Armor: Skin              |     5 |       ||     5
Dodge: Dodged            |    26 |    13 ||    39
Block: Other             |     4 |     2 ||     6
